 Dungeon Crawl Stone Soup version 0.23-a0-819-g6debee6 (webtiles) character file.

311 Fliddo the Conjurer (level 6, -10/32 HPs)
             Began as a Deep Elf Conjurer on Jan 22, 2019.
             Mangled by an ogre
             ... wielding a +0 giant spiked club
              (20 damage)
             ... on level 4 of the Dungeon.
             The game lasted 00:23:21 (3885 turns).

Fliddo the Conjurer (Deep Elf Conjurer)             Turns: 3885, Time: 00:23:22

Health: -10/32     AC:  4    Str:  5    XL:     6   Next: 18%
Magic:  9/17       EV: 13    Int: 22    God:
Gold:   95         SH:  0    Dex: 15    Spells: 9/18 levels left

rFire    . . .     SeeInvis +   b - +2 dagger (holy)
rCold    . . .     Gourm    .   (no shield)
rNeg     . . .     Faith    .   a - +0 robe
rPois    .         Spirit   .   (no helmet)
rElec    .         Reflect  .   (no cloak)
rCorr    .         Harm     .   e - +1 pair of gloves
MR       .....                  (no boots)
Stlth    ++........             (no amulet)
HPRegen  0.10/turn              t - ring of see invisible
MPRegen  0.15/turn              (no ring)

@: no status effects
A: no striking features
a: no special abilities


You were on level 4 of the Dungeon.
You were not hungry.

You visited 1 branch of the dungeon, and saw 4 of its levels.

You collected 95 gold pieces.

Inventory:

Hand Weapons
 b - a +2 dagger of holy wrath (weapon)
Armour
 a - a +0 robe (worn)
 e - a +1 pair of gloves (worn)
Jewellery
 n - a cursed -2 ring of intelligence {unknown}
 t - a ring of see invisible (left hand)
Scrolls
 p - a scroll of remove curse
Potions
 d - a potion of brilliance {unknown}
 i - a potion of agility {unknown}
 m - 2 potions of lignification {unknown}
 q - 2 potions of might {unknown}
 s - a potion of heal wounds {unknown}
Comestibles
 c - 3 rations


   Skills:
 - Level 2.4 Dodging
 - Level 2.4 Stealth
 + Level 6.5 Spellcasting
 + Level 6.6 Conjurations


You had 9 spell levels left.
You knew the following spells:

 Your Spells              Type           Power        Failure   Level  Hunger
a - Magic Dart            Conj           ####         1%          1    None
b - Searing Ray           Conj           #####.       1%          2    None
c - Iskenderun's Mystic   Conj           #####...     5%          4    ###....
d - Blink                 Tloc           N/A          13%         2    None

Your spell library contained the following spells:

 Spells                   Type           Power        Failure   Level  Hunger
 Conjure Flame            Conj/Fire      ###.....     7%          3    #......
 Dazzling Spray           Conj/Hex       ###...       7%          3    #......
 Mephitic Cloud           Conj/Pois/Air  ###.....     11%         3    #......
 Call Imp                 Summ           #.......     13%         2    None
 Slow                     Hex            #.......     13%         2    None
 Force Lance              Conj/Tloc      ###.....     22%         4    ###....
 Fulminant Prism          Conj/Hex       ###.......   22%         4    ###....


Dungeon Overview and Level Annotations

Branches:
Dungeon (4/15)
 Temple: D:4-7

Altars:


Message History

Aim: an ogre, wielding a +0 giant spiked club (severely wounded)
The magic dart hits the ogre.
The ogre is almost dead.
The ogre hits you with a +0 giant spiked club!
* * * LOW HITPOINT WARNING * * *
You barely miss the ogre.
The ogre is almost dead.
You barely miss the ogre.
The ogre is almost dead.
The ogre completely misses you.
Casting: Magic Dart (safe; 1% risk of failure)
Confirm with . or Enter, or press ? or * to list all spells.
Aiming: Magic Dart (safe; 1% risk of failure)
Press: ? - help, Shift-Dir - straight line, f/p - ogre
Aim: an ogre, wielding a +0 giant spiked club (almost dead)
The magic dart hits the ogre.
The ogre is almost dead.
The ogre hits you with a +0 giant spiked club!!
Ouch! That really hurt!
You die...

......# .....# ....#
#############...#
......).....#...#
.....[)...).#...#
.....)......#.#O###.#+##
...............>@.......
............#.#.###.....
#############.#.# ...
#.#.# . #.#.# #.#.#
#.#.# #.#.# #.#.#


You could see an ogre.

Vanquished Creatures
  A scorpion (D:4)
  A worker ant (D:4)
  An orc wizard (D:4)
  4 gnolls (D:3)
  6 adders
  An ooze (D:1)
  2 worms (D:3)
  2 dart slugs
  5 leopard geckos
  10 orcs
  2 ball pythons
  6 giant cockroaches
  8 goblins
  11 hobgoblins
  2 jackals (D:3)
  5 kobolds
  2 quokkas (D:3)
  8 bats
  4 frilled lizards
  12 rats
93 creatures vanquished.

Notes
Turn   | Place    | Note
-------+----------+-------------------------------------------
     0 | D:1      | Fliddo the Deep Elf Conjurer began the quest for the Orb.
     0 | D:1      | Reached XP level 1. HP: 10/10 MP: 6/6
   119 | D:1      | Reached XP level 2. HP: 15/15 MP: 0/8
   192 | D:1      | Learned a level 2 spell: Searing Ray
  1021 | D:2      | Reached skill level 5 in Conjurations
  1021 | D:2      | Reached XP level 3. HP: 18/19 MP: 5/10
  1410 | D:2      | Reached XP level 4. HP: 21/24 MP: 4/12
  1901 | D:3      | Learned a level 4 spell: Iskenderun's Mystic Blast
  1904 | D:3      | Learned a level 2 spell: Blink
  1966 | D:3      | Reached skill level 5 in Spellcasting
  2375 | D:3      | Reached XP level 5. HP: 28/28 MP: 5/14
  3556 | D:4      | Reached XP level 6. HP: 5/32 MP: 1/17
  3885 | D:4      | Mangled by an ogre

Vault maps used:
D:1:      minmay_arrival_doors
D:3:      minmay_guardbox
D:4:      serial_shops, nicolae_shop_stone, shop

Skill      XL: |  1  2  3  4  5 |
---------------+----------------+-----
Spellcasting   | 4 5 6 |  6.5
Conjurations   | 5 6 |  6.6
Dodging        | |  2.4
Stealth        | |  2.4

Action                   |  1- 3 |  4- 6 || total
-------------------------+-------+-------++-------
Melee: Dagger            |       |    33 ||    33
 Cast: Magic Dart        |    67 |   108 ||   175
       Iskenderun's Myst |       |     8 ||     8
       Blink             |       |     1 ||     1
  Use: Scroll            |       |     8 ||     8
  Eat: Chunk             |     1 |     9 ||    10
Armor: Robe              |       |     8 ||     8
Dodge: Dodged            |     2 |    38 ||    40

Table legend:
 A = Non-vault XP
 B = Vault XP
 C = Vault XP percentage of total XP
 D = Non-vault monster count
 E = Vault monster count
 F = Vault count percentage of total count
                 A         B        C        D         E       F
            +---------+---------+-------+---------+---------+-------
      Total |     410 |      35 |   7.9 |      82 |      11 |  11.8
            +---------+---------+-------+---------+---------+-------
        D:1 |      37 |       0 |   0.0 |      18 |       0 |   0.0
        D:2 |      86 |       0 |   0.0 |      22 |       0 |   0.0
        D:3 |     130 |      35 |  21.2 |      34 |      11 |  24.4
        D:4 |     157 |       0 |   0.0 |       8 |       0 |   0.0
            +---------+---------+-------+---------+---------+-------
